AoeStats
← RyU_ASA

Arabia

508724139Analyzed
1v1 RM · 10d ago on Sep 23, 2026· 57m 7s· 2 players
Game mode
Random Map
Map size
Tiny (2 player)
Population
200
Speed
Normal
Resources
Standard
Victory
Conquest
Starting age
Dark Age
Ending age
Imperial Age
RankedLock teamsTeams togetherTeam positionsShared explorationLock speedFull tech treeHidden civsTurbo modeCheats
Victory
Defeat
🇹🇭 Spanish · Thailand
670
+19
🇧🇷 Chinese · Brazil
660
-16
BELTRA
6:49 Loom
9:35 Feudal Age
18:04 Arson
20:27 Castle Age
20:38 Horse Collar
20:46 Double-Bit Axe
27:07 Crossbowman
27:51 Padded Archer Armor
27:42 Fletching
30:39 Town Watch
42:36 Leather Archer Armor
42:17 Bodkin Arrow
55:27 Pikeman
RyU_ASA
11:37 Feudal Age
13:19 Double-Bit Axe
14:19 Scale Barding Armor
15:09 Man-at-Arms
19:52 Scale Mail Armor
28:29 Arson
29:30 Gold Mining
34:26 Castle Age
37:27 Elite Skirmisher
39:21 Bow Saw
41:34 Stone Mining
42:31 Chain Mail Armor
42:37 Chain Barding Armor
42:19 Padded Archer Armor
41:59 Long Swordsman
43:30 Stone Shaft Mining
48:01 Leather Archer Armor
48:58 Gambesons
52:20 Imperial Age
52:21 Thumb Ring
53:14 Husbandry
54:05 Husbandry
53:26 Cavalier
Connection lost

Rejoining the realm…

Still unreachable

The connection could not be restored.

Session expired

The server has moved on; the page needs a fresh start.